 Dungeon Crawl Stone Soup version 0.32-a0-900-g30fb1b0edc (webtiles) character file.

Game seed: 4981982487288103232

243 GiantSquids the Chopper (level 5, -10/45 HPs)
             Began as a Mountain Dwarf Fighter on Apr 5, 2024.
             Blown up by Ijyb (11 damage)
             ... with a mindburst bolt
             ... on level 3 of the Dungeon.
             The game lasted 00:03:02 (1765 turns).

GiantSquids the Chopper (Mountain Dwarf Fighter)    Turns: 1765, Time: 00:03:02

Health: -10/45     AC: 11    Str: 21    XL:     5   Next: 82%
Magic:  5/5        EV:  8    Int:  8    God:
Gold:   148        SH:  4    Dex:  9    Spells: 4/4 levels left

rFire   x . .        a - +0 war axe
rCold   + + .        c - +0 buckler
rNeg    . . .        s - +0 ice dragon scales
rPois   .            (no helmet)
rElec   .            (no cloak)
rCorr   .            (no gloves)
SInv    .            h - +0 pair of boots
Will    .....        (no amulet) Stlth
                     (no ring)
HPRegen 0.27/turn    (no ring)
MPRegen 0.09/turn

%: no passive effects
@: no status effects
A: runic magic, artefact enchanting
a: no special abilities


You were on level 3 of the Dungeon.
You visited 1 branch of the dungeon, and saw 3 of its levels.

You collected 148 gold pieces.

Inventory:

Hand Weapons
 a - a +0 war axe (weapon)
Missiles
 k - 4 boomerangs (quivered)
 r - 11 stones
Armour
 b - a +0 scale mail
 c - a +0 buckler (worn)
 h - a +0 pair of boots (worn)
 s - +0 ice dragon scales (worn)
Wands
 d - a wand of roots (7)
 o - a wand of polymorph (4)
Scrolls
 f - a scroll of immolation {unknown}
 g - a scroll of revelation {unknown}
 j - 3 scrolls of vulnerability {unknown}
 l - a scroll of enchant armour {unknown}
 m - 2 scrolls of identify {unknown}
 p - a scroll of blinking {unknown}
Potions
 e - 2 potions of curing
 i - 2 potions of lignification {unknown}
 n - a potion of mutation {unknown}
 q - a potion of attraction {unknown}


   Skills:
 - Level 3.2 Fighting
 + Level 7.5 Axes
 - Level 3.2 Armour
 - Level 3.2 Shields


You had 4 spell levels left.
You didn't know any spells.
Your spell library contained the following spells:

 Spells                   Type           Power      Damage    Failure   Level
 Sublimation of Blood     Necr           0%         N/A       73%         2
 Leda's Liquefaction      Alch/Erth      0%         N/A       100%        4
 Petrify                  Alch/Erth      0%         N/A       100%        4
 Irradiate                Conj/Alch      0%         3d11      100%        5
 Lee's Rapid Deconstruct  Erth           0%         3d4*      100%        5
 Permafrost Eruption      Ice/Erth       0%         2x4d1     100%        6


Dungeon Overview and Level Annotations

Branches:
Dungeon (3/15)

Altars:
Xom

Annotations:
D:3 Ijyb


Innate Abilities, Weirdness & Mutations

Your spellcasting is much less encumbered by armour.
You can use scrolls of enchantment on lesser artefacts.


Message History

You miss Ijyb.
Ijyb is lightly wounded.
Ijyb completely misses you.
You hit Ijyb but do no damage.
Ijyb is lightly wounded.
Ijyb zaps a wand.
Your mind is blasted!
You closely miss Ijyb.
Ijyb is lightly wounded.
You block Ijyb's attack.
You barely miss Ijyb.
Ijyb is lightly wounded.
Ijyb zaps a wand.
Your mind is blasted!
You closely miss Ijyb.
Ijyb is lightly wounded.
Ijyb hits you with a +0 club.
You barely miss Ijyb.
Ijyb is lightly wounded.
Ijyb hits you but does no damage. Ijyb barely misses you.
You barely miss Ijyb.
Ijyb is lightly wounded.
You block Ijyb's attack.
You closely miss Ijyb.
Ijyb is lightly wounded.
Ijyb hits you with a +0 club.
You hit Ijyb but do no damage.
Ijyb is lightly wounded.
You block Ijyb's attack.
You miss Ijyb.
Ijyb is lightly wounded.
Ijyb screams, "Time for continue experiment!"
Ijyb zaps a wand.
Your mind is blasted!
* * * LOW HITPOINT WARNING * * *
You hit Ijyb.
Ijyb is moderately wounded.
You block Ijyb's attack.
You slash Ijyb!
Ijyb is almost dead.
Ijyb zaps a wand.
Your mind is blasted!
You die...
Ijyb moans, "Good help so hard to find!"

.......##.#######
####...#.........
##.....#######
##...## ##.## #.#
#.# ##'## #.@.#
#..g..# #.......#
#.........#
+.........+
#.........#
##.......##
##.....##


You could see Ijyb.

Vanquished Creatures
  Sigmund (D:3)
  4 adders (D:2)
  A dart slug (D:1)
  A ribbon worm (D:2)
  4 bats
  5 endoplasms
  A giant cockroach (D:2)
  2 hobgoblins
  2 jackals (D:2)
  4 quokkas
  A ball python (D:2)
  5 frilled lizards
  7 goblins
  3 kobolds (D:2)
  6 rats
47 creatures vanquished.

Notes
Turn   | Place    | Note
-------+----------+-------------------------------------------
     0 | D:1      | GiantSquids the Mountain Dwarf Fighter began the quest for
                  | the Orb.
     0 | D:1      | Reached XP level 1. HP: 19/19 MP: 1/1
   158 | D:1      | Reached skill level 3 in Axes
   250 | D:1      | Reached XP level 2. HP: 25/26 MP: 2/2
   571 | D:1      | You fall into a shaft and drop 1 floor!
   616 | D:2      | Reached skill level 4 in Axes
   621 | D:2      | Reached XP level 3. HP: 25/31 MP: 3/3
   752 | D:2      | Reached skill level 5 in Axes
   902 | D:2      | Reached XP level 4. HP: 36/38 MP: 4/4
  1009 | D:2      | Found a shimmering altar of Xom.
  1263 | D:2      | Found a faded altar of an unknown god.
  1263 | D:2      | Noticed a hellwing
  1456 | D:3      | Noticed Sigmund
  1477 | D:3      | HP: 1/38 [something (5)]
  1482 | D:3      | Killed Sigmund
  1483 | D:3      | Reached skill level 7 in Axes
  1483 | D:3      | Reached XP level 5. HP: 3/45 MP: 5/5
  1747 | D:3      | Noticed Ijyb
  1763 | D:3      | HP: 1/45 [disintegration (14)]
  1765 | D:3      | Blown up by Ijyb

Illustrated notes

Levels and vault maps discovered:
D:1:      giann_horns, layout_loops_ring, kennysheep_pointless_box,
          chequers_serial_rivers_marsh
D:2:      layout_loops_ring, dreamdust_ecumenical_altar_sealed_demon,
          basic_altar, chequers_serial_rivers_small_3, minmay_pentomino_u4
D:3:      layout_loops_corners, grunt_temple_overflow_open, uniq_ijyb,
          uniq_sigmund

Skill      XL: |  1  2  3  4 |
---------------+-------------+-----
Axes           | 3 4 5 7 |  7.5
Fighting       | |  3.2
Armour         | |  3.2
Shields        | |  3.2

Action                     |  1- 3 |  4- 6 || total
---------------------------+-------+-------++-------
  Melee: War axe           |    85 |    88 ||   173
    Use: Potion            |       |     2 ||     2
 Armour: Scale mail        |    73 |    10 ||    83
         Ice dragon scales |       |    47 ||    47
  Dodge: Dodged            |    26 |    33 ||    59
  Block: Buckler           |    14 |    16 ||    30

Table legend: (Time is in decaauts)
 A = Elapsed time spent in this place.
 B = Non-inter-level travel time spent in this place.
 C = Inter-level travel time spent in this place.
 D = Time resting spent in this place.
 E = Time spent auto-exploring this place.
 F = Levels seen in this place.
 G = Mean time per level.
                   A        B        C        D        E       F      G
               +--------+--------+--------+--------+--------+-----+--------+
         Total |   1814 |   1771 |     43 |      0 |   1360 |   3 |  604.7 |
       Dungeon |   1814 |   1771 |     43 |      0 |   1360 |   3 |  604.7 |
               +--------+--------+--------+--------+--------+-----+--------+

Top non-repeatable levels by time:
     D:2: 905 daAuts
     D:1: 582 daAuts
     D:3: 325 daAuts
